 Dungeon Crawl Stone Soup version 0.32-a0-768-g0f6f1dd4b9 (webtiles) character file.

Game seed: 13265174214418627096

5942 cforsyth the Arsonist (level 10, -3/90 HPs)
             Began as a Mountain Dwarf Cinder Acolyte on Mar 19, 2024.
             Was a High Priest of Ignis.
             Slain by a manticore (15 damage)
             ... on level 8 of the Dungeon.
             The game lasted 00:19:03 (12199 turns).

cforsyth the Arsonist (MDCA)                       Turns: 12199, Time: 00:19:04

Health: -3/90      AC: 14    Str: 21    XL:     10   Next: 54%
Magic:  8/18       EV:  7    Int: 21    God:    Ignis [*****.]
Gold:   553        SH:  0    Dex:  5    Spells: 18/20 levels left

rFire   + . .        b - +1 war axe (drain)
rCold   . . .        (no shield)
rNeg    . . .        r - +0 chain mail
rPois   .            p - +0 helmet
rElec   .            w - +0 cloak
rCorr   .            g - +0 pair of gloves
SInv    +            (no boots)
Will    +....        (no amulet) Stlth
                     I - +6 ring of intelligence
HPRegen 0.35/turn    v - ring of see invisible
MPRegen 0.16/turn

%: no passive effects
@: spiked
A: runic magic, artefact enchanting
a: Renounce Religion, Fiery Armour, Foxfire Swarm, Rising Flame


You were on level 8 of the Dungeon.
You worshipped Ignis.
Ignis was extremely pleased with you.
You visited 1 branch of the dungeon, and saw 8 of its levels.
You also visited: Bailey.

You collected 553 gold pieces.


Innate Abilities, Weirdness & Mutations

Your spellcasting is much less encumbered by armour.
You can use scrolls of enchantment on lesser artefacts.


   Skills:
 + Level 8.6 Fighting
 + Level 9.4 Axes
 + Level 7.8 Armour
 - Level 5.6 Spellcasting
 + Level 9.4 Fire Magic


You had 18 spell levels left.
You knew the following spells:

 Your Spells              Type           Power      Damage    Failure   Level
X - Scorch                Fire           90%        2d8       1%          2

Your spell library contained the following spells:

 Spells                   Type           Power      Damage    Failure   Level
 Call Imp                 Summ           10%        N/A       24%         2
 Lesser Beckoning         Tloc           10%        N/A       24%         2
 Sublimation of Blood     Necr           5%         N/A       24%         2
 Frozen Ramparts          Ice            10%        1d2       43%         3
 Gell's Gravitas          Tloc           5%         N/A       43%         3
 Ozocubu's Armour         Ice            5%         N/A       43%         3
 Stone Arrow              Conj/Erth      10%        3d7       43%         3
 Teleport Other           Tloc           5%         N/A       43%         3
 Animate Armour           Summ/Erth      10%        N/A       83%         4
 Metabolic Englaciation   Hex/Ice        2%         N/A       99%         5
 Summon Hydra             Summ           2%         N/A       100%        7
 Lehudib's Crystal Spear  Conj/Erth      2%         10d2      100%        8

Inventory:

Hand Weapons
 a - a -1 hand axe of flaming
 b - a +1 war axe of draining (weapon)
 n - a +0 war axe of freezing
Missiles
 B - 2 throwing nets {=f}
Armour
 g - a +0 pair of gloves (worn)
 p - a +0 helmet (worn)
 r - a +0 chain mail (worn)
 w - a +0 cloak (worn)
 A - a +0 pair of boots
Magical Staves
 l - a staff of fire {!a}
 F - a staff of alchemy {!a}
Jewellery
 v - a ring of see invisible (right hand)
 C - a ring of ice
 D - a +6 ring of dexterity
 I - a +6 ring of intelligence (left hand)
Wands
 o - a wand of light (11)
 q - a wand of polymorph (14)
Scrolls
 c - 2 scrolls of teleportation {@r2}
 d - a scroll of silence {!r}
 h - 2 scrolls of fear
 j - a scroll of revelation {unknown}
 k - a scroll of amnesia
 x - 6 scrolls of enchant weapon
 y - 2 scrolls of enchant armour
 z - a scroll of acquirement
 E - a scroll of torment {unknown}
Potions
 e - 3 potions of resistance
 f - 4 potions of haste {@q3}
 m - 2 potions of brilliance
 s - 3 potions of magic
 t - a potion of heal wounds {unknown}
 u - a potion of invisibility {unknown}

Dungeon Overview and Level Annotations

Branches:
Dungeon (8/15)             Temple (0/1) D:5          Bailey (visited)
   Lair: D:8-11

Altars:
Cheibriados
Wu Jian
Xom
Zin

Shops:
D:7 *

Annotations:
D:5 3 runed translucent doors, ezpacito's ghost, novice CoCK

...▒..'......▒ ▒..
...▒..▒[....[▒▒▒▒▒▒▒▒▒▒▒▒▒▒▒▒▒▒..
..▒▒..▒..........................
..▒...+<÷................^.......
..▒...▒..H.......................
..▒▒▒▒▒..........................
......▒▒▒▒▒▒▒▒▒......▒'▒▒▒▒......
......▒....▒..▒.H....▒....▒......
......▒....▒..▒.@.[..▒....▒......
......▒....▒..▒......▒....▒......
......▒....▒..†......▒....▒......
......▒▒▒'▒▒▒▒▒......▒▒▒+▒▒......
▒▒▒..............▒▒▒▒▒▒▒..▒......
..▒..............▒....▒...▒.....▒
..▒..............▒....▒.......▒▒▒
▒.▒..............▒....▒....▒▒▒▒
▒.▒▒▒'▒▒▒▒▒▒.....▒....▒...▒▒


You could see a manticore (drained).


Message History

* * * LOW HITPOINT WARNING * * *
There is a stone staircase leading up, spattered with blood here.
Unknown command.
Unknown command.
You are too injured to fight recklessly!
You are too injured to fight recklessly!
You are too injured to fight recklessly!
You hit the manticore. You drain the manticore.
The manticore is lightly wounded.
The manticore bites you!
* * * LOW HITPOINT WARNING * * *
The manticore closely misses you. The manticore claws you.
* * * LOW HITPOINT WARNING * * *
You slash the manticore! You drain the manticore.
The manticore is severely wounded.
The manticore closely misses you. The manticore barely misses you.
The manticore claws you but does no damage.
Unknown command.
Unknown command.
You barely miss the manticore.
The manticore is severely wounded.
The manticore bites you!
* * * LOW HITPOINT WARNING * * *
The manticore claws you but does no damage.
The manticore barely misses you.
You slash the manticore!
The manticore is almost dead.
The manticore bites you!
You die...
Ignis goes out, and joins you in death.

Skill      XL: |  1  2  3  4  5  6  7  8  9 10 |
---------------+-------------------------------+-----
Armour         | 1 2 3 4 5 6 7 |  7.8
Fire Magic     | 4 5 6 7 8 9 |  9.4
Axes           | 4 5 6 7 8 9 |  9.4
Fighting       | 4 5 6 7 8 |  8.6
Spellcasting   | 2 3 4 5 |  5.6

Action                     |  1- 3 |  4- 6 |  7- 9 | 10-12 || total
---------------------------+-------+-------+-------+-------++-------
  Melee: Hand axe          |    89 |    71 |    30 |       ||   190
         War axe           |       |       |   145 |    37 ||   182
   Cast: Scorch            |    13 |    96 |    83 |    73 ||   265
  Evoke: Wand              |       |       |    12 |       ||    12
    Use: Scroll            |       |       |    11 |     4 ||    15
         Potion            |       |       |     2 |     1 ||     3
   Stab: Invisible         |       |       |     1 |       ||     1
 Armour: Robe              |    52 |    41 |       |       ||    93
         Skin              |       |     2 |       |       ||     2
         Chain mail        |       |     1 |   312 |   124 ||   437
  Dodge: Dodged            |    53 |    37 |   115 |    53 ||   258

Levels and vault maps discovered:
D:1:      dpeg_arrival_round_c, layout_basic
D:2:      layout_basic, hangedman_decor_peaks_small
D:3:      layout_loops_ring, slow_altar_2, uniq_sigmund
D:4:      layout_cave_pools, serial_bayou, serial_bayou_lagoon_a,
          serial_bayou_ford_a, serial_bayou_pond_d, serial_bayou_pond_e,
          uniq_robin
D:5:      layout_gridville, temple_green, gammafunk_ghost_nasty_kobolds,
          minivault_27, kennysheep_generic_room_6
D:6:      layout_basic, mainiacjoe_overflow_alcove_2, roderic_lattice_a,
          hellmonk_no_cap, uniq_maggie, uniq_crazy_yiuf_cottage
D:7:      layout_rooms, mainiacjoe_overflow_surrounded_room,
          nicolae_overflow_crystal_walls, serial_shops, nicolae_shop_peninsula,
          enter_bailey_5
D:8:      minmay_the_grid_triangle_9x9_recursive_2
          [minmay_the_grid_triangle_9x9_prize_top_heavy,
          minmay_the_grid_triangle_9x9_steps,
          minmay_the_grid_triangle_9x9_windchime,
          minmay_the_grid_triangle_9x9_thin_v], layout_gridville,
          hangedman_decor_slide_cut, onia_ninara_dug_in_and_dangerous,
          uniq_jeremiah, uniq_psyche, uniq_joseph

Notes
Turn   | Place    | Note
-------+----------+-------------------------------------------
     0 | D:1      | cforsyth the Mountain Dwarf Cinder Acolyte began the quest
                  | for the Orb.
     0 | D:1      | Reached XP level 1. HP: 19/19 MP: 2/2
   131 | D:1      | Reached XP level 2. HP: 14/26 MP: 3/3
   134 | D:1      | Learned a level 2 spell: Scorch
   537 | D:1      | Reached skill level 1 in Armour
   684 | D:1      | Reached skill level 4 in Fire Magic
   684 | D:1      | Reached XP level 3. HP: 31/31 MP: 5/5
   892 | D:1      | Reached skill level 4 in Axes
  1506 | D:2      | Reached XP level 4. HP: 28/40 MP: 1/6
  2446 | D:3      | Reached skill level 4 in Fighting
  2923 | D:3      | Found a snail-covered altar of Cheibriados.
  3254 | D:3      | Noticed Sigmund
  3382 | D:3      | Killed Sigmund
  3383 | D:3      | Reached skill level 2 in Armour
  3383 | D:3      | Reached skill level 2 in Spellcasting
  3383 | D:3      | Reached XP level 5. HP: 44/47 MP: 4/8
  3383 | D:3      | Reached XP level 6. HP: 50/53 MP: 4/9
  3602 | D:3      | Reached skill level 5 in Fire Magic
  3938 | D:4      | Reached skill level 5 in Axes
  4457 | D:4      | Noticed Robin
  4615 | D:4      | Killed Robin
  4616 | D:4      | Reached skill level 3 in Armour
  4940 | D:5      | Entered Level 5 of the Dungeon
  5238 | D:5      | Found a staircase to the Ecumenical Temple.
  5412 | D:5      | Reached XP level 7. HP: 60/60 MP: 8/11
  5493 | D:5      | Reached skill level 5 in Fighting
  5647 | D:5      | Found a runed translucent gate.
  5647 | D:5      | Found a runed translucent gate.
  5648 | D:5      | Noticed ezpacito's ghost (novice CoCK)
  5650 | D:5      | Identified the +1 leather armour "Niufaarphu" {rPois rC-
                  | Str+5 Dex+2 Stlth+}
  5724 | D:5      | Reached skill level 3 in Spellcasting
  5923 | D:5      | Found a runed translucent gate.
  5923 | D:5      | Identified the +2 spear of Hell's Wrath {venom, Fly Dex+3
                  | Stlth-}
  6239 | D:6      | Reached skill level 4 in Armour
  6357 | D:6      | Reached skill level 6 in Axes
  6357 | D:6      | Reached skill level 6 in Fire Magic
  6415 | D:6      | Reached XP level 8. HP: 60/69 MP: 1/13
  6664 | D:6      | Found a runed translucent door.
  6665 | D:6      | Noticed Crazy Yiuf
  7033 | D:6      | Reached skill level 6 in Fighting
  7198 | D:6      | Noticed Maggie
  7224 | D:6      | Killed Maggie
  7225 | D:6      | Reached skill level 7 in Axes
  7225 | D:6      | Reached skill level 5 in Armour
  7225 | D:6      | Reached skill level 4 in Spellcasting
  7225 | D:6      | Reached skill level 7 in Fire Magic
  7717 | D:6      | Found a glowing silver altar of Zin.
  7972 | D:6      | Killed Crazy Yiuf
  8172 | D:7      | Reached XP level 9. HP: 41/78 MP: 15/15
  8319 | D:7      | Found a flagged portal.
  8328 | Bailey   | Entered a bailey
  8754 | Bailey   | Reached skill level 7 in Fighting
  8754 | Bailey   | Reached skill level 6 in Armour
  8858 | Bailey   | Noticed an orc knight
  8885 | Bailey   | Killed an orc knight
  8917 | Bailey   | Reached skill level 8 in Axes
  8917 | Bailey   | Reached skill level 5 in Spellcasting
  8917 | Bailey   | Reached skill level 8 in Fire Magic
  9681 | D:7      | Reached XP level 10. HP: 60/88 MP: 18/18
  9895 | D:7      | Found Ytun's General Store.
  9922 | D:7      | Found a shimmering altar of Xom.
 10185 | D:7      | Found an ornate altar of the Wu Jian Council.
 10276 | D:8      | Identified 3 potions of resistance
 10282 | D:8      | Noticed Psyche
 10288 | D:8      | Killed Psyche
 10289 | D:8      | Reached skill level 7 in Armour
 10523 | D:8      | Reached skill level 8 in Fighting
 11310 | D:7      | Reached skill level 9 in Axes
 11310 | D:7      | Reached skill level 9 in Fire Magic
 11417 | D:8      | Noticed a manticore
 11421 | D:8      | Noticed a white ugly thing
 11427 | D:8      | HP: 6/88 [white ugly thing (24)]
 11427 | D:8      | HP: 2/88 [manticore (4)]
 11664 | D:8      | Killed a manticore
 11714 | D:8      | Noticed a manticore
 12181 | D:8      | Noticed a manticore
 12192 | D:8      | Killed a manticore
 12199 | D:8      | Slain by a manticore

Vanquished Creatures
  2 manticores (D:8)
  An orc knight (Bailey)
  Maggie (D:6)
  Psyche (D:8)
  A tengu conjurer (D:7)
  Sigmund (D:3)
  2 wyverns
  A wraith (D:7)
  A steam dragon (D:7)
  2 water moccasins
  2 black bears
  An ice beast (D:7)
  8 orc warriors (Bailey)
  An ogre (D:6)
  3 centaurs
  2 kobold brigands
  3 phantoms
  A bullfrog (D:8)
  2 gnoll sergeants (D:8)
  3 scorpions
  6 howler monkeys
  3 hounds (D:6)
  Crazy Yiuf (D:6)
  A bombardier beetle (D:5)
  2 orc priests (D:7)
  A jelly (D:5)
  3 iguanas
  4 sleepcaps
  An orc wizard (D:6)
  Robin (D:4)
  6 gnolls
  9 adders
  A shadow imp (D:7)
  A white imp (D:6)
  2 ufetubi (D:5)
  A dart slug (D:1)
  2 ribbon worms
  37 orcs
  8 ball pythons
  7 bats
  10 endoplasms
  A giant cockroach (D:1)
  20 goblins
  7 hobgoblins
  2 jackals (D:1)
  2 quokkas
  3 frilled lizards
  14 kobolds
  12 rats
207 creatures vanquished.

Table legend: (Time is in decaauts)
 A = Elapsed time spent in this place.
 B = Non-inter-level travel time spent in this place.
 C = Inter-level travel time spent in this place.
 D = Time resting spent in this place.
 E = Time spent auto-exploring this place.
 F = Levels seen in this place.
 G = Mean time per level.
                   A        B        C        D        E       F      G
               +--------+--------+--------+--------+--------+-----+--------+
         Total |  12335 |  12027 |    308 |   1796 |   8059 |   9 | 1370.6 |
       Dungeon |  11195 |  10887 |    308 |   1352 |   7632 |   8 | 1399.4 |
        Bailey |   1140 |   1140 |      0 |    444 |    427 |   1 | 1140.0 |
               +--------+--------+--------+--------+--------+-----+--------+

Top non-repeatable levels by time:
     D:6: 2359 daAuts
     D:7: 1632 daAuts
     D:3: 1341 daAuts
     D:2: 1290 daAuts
     D:4: 1258 daAuts
     D:1: 1151 daAuts
  Bailey: 1140 daAuts
     D:8: 1097 daAuts
     D:5: 1065 daAuts

Table legend:
 A = Non-vault XP
 B = Vault XP
 C = Vault XP percentage of total XP
 D = Non-vault monster count
 E = Vault monster count
 F = Vault count percentage of total count
                 A         B        C        D         E       F
            +---------+---------+-------+---------+---------+-------
      Total |    3579 |    4910 |  57.8 |     152 |      55 |  26.6
            +---------+---------+-------+---------+---------+-------
        D:1 |      46 |       0 |   0.0 |      27 |       0 |   0.0
        D:2 |      83 |       0 |   0.0 |      27 |       0 |   0.0
        D:3 |      75 |     248 |  76.8 |      14 |       2 |  12.5
        D:4 |      66 |      35 |  34.7 |      16 |      11 |  40.7
        D:5 |     380 |       0 |   0.0 |      11 |       0 |   0.0
        D:6 |    1066 |     618 |  36.7 |      20 |       5 |  20.0
        D:7 |    1373 |     729 |  34.7 |      26 |       7 |  21.2
        D:8 |     490 |    1602 |  76.6 |      11 |       5 |  31.2
     Bailey |       0 |    1678 | 100.0 |       0 |      25 | 100.0
            +---------+---------+-------+---------+---------+-------
